MLB
TORONTO BLUE JAYS @ BALTIMORE ORIOLES
09/23/2049
 
TOP OF THE 1ST
Toronto Blue Jays batting - Pitching for Baltimore Orioles : RHP Tim Weller
Pitching: RHP Tim Weller
Batting: RHB Donny Burnside 0-0: Ball
1-0: Ball
2-0: Called Strike
2-1: Foul Ball, location: 2F
2-2: Ball
3-2: Foul Ball, location: 2F
3-2: SINGLE (Groundball, 56D, EV 107.5 MPH)
Batting: RHB C.J. Richerson 0-0: Ball
1-0: Called Strike
1-1: Grounds into double play, 4-6-3 (Groundball, 4, EV 105.6 MPH)
Batting: LHB Willis Robles 0-0: Foul Ball, location: 2F
0-1: Ball
1-1: Fly out, F8 (Flyball, 78M, EV 90.0 MPH)
Top of the 1st over - 0 runs, 1 hit, 0 errors, 0 left on base; Toronto 0 - Baltimore 0
BOTTOM OF THE 1ST
Baltimore Orioles batting - Pitching for Toronto Blue Jays : RHP Tony Rios
Pitching: RHP Tony Rios
Batting: RHB Saimei Kudo 0-0: Ball
1-0: SOLO HOME RUN (Flyball, 78XD, EV 108.1 MPH), Distance : 417 ft
Batting: RHB Nick Rigden 0-0: Foul Ball, location: 2F
0-1: Ball
1-1: Ball
2-1: SOLO HOME RUN (Flyball, 7D, EV 98.8 MPH), Distance : 356 ft
Batting: RHB Rudo Garciaparra 0-0: Ball
1-0: Swinging Strike
1-1: Foul Ball, location: 2F
1-2: Ball
2-2: Foul Ball, location: 2F
2-2: Ball
3-2: Strikes out swinging
Batting: RHB Vince Jackson 0-0: Swinging Strike
0-1: Foul Ball, location: 2F
0-2: Foul Ball, location: 2F
0-2: Ball
1-2: Strikes out looking
Batting: SHB Robbie Rogers 0-0: Ball
1-0: Ball
2-0: Foul Ball, location: 2F
2-1: Foul Ball, location: 2F
2-2: Foul Ball, location: 2F
2-2: Strikes out swinging
Bottom of the 1st over - 2 runs, 2 hits, 0 errors, 0 left on base; Toronto 0 - Baltimore 2
TOP OF THE 2ND
Toronto Blue Jays batting - Pitching for Baltimore Orioles : RHP Tim Weller
Batting: SHB Jason Woods 0-0: SINGLE (Groundball, 4MD, EV 107.5 MPH)
Batting: SHB Dominik Hasek II 0-0: Ball
1-0: Called Strike
1-1: Ball
2-1: Grounds into double play, 6-4-3 (Groundball, 6, EV 85.6 MPH)
Batting: RHB Butch Kaiser 0-0: Ball
1-0: Ball
2-0: Ball
3-0: Base on Balls
Batting: LHB Nate Dean 0-0: Called Strike
0-1: Called Strike
0-2: Ball
1-2: Strikes out swinging
Top of the 2nd over - 0 runs, 1 hit, 0 errors, 1 left on base; Toronto 0 - Baltimore 2
BOTTOM OF THE 2ND
Baltimore Orioles batting - Pitching for Toronto Blue Jays : RHP Tony Rios
Batting: RHB Raul Mendoza 0-0: Ball
1-0: Ball
2-0: Called Strike
2-1: Called Strike
2-2: Foul Ball, location: 2F
2-2: Strikes out swinging, 2-3 out at first.
Batting: RHB Danny Merrill 0-0: Ball
1-0: Called Strike
1-1: Called Strike
1-2: Fly out, F9 (Flyball, 9, EV 86.9 MPH)
Batting: RHB Steve Jones 0-0: Ball
1-0: Ball
2-0: Called Strike
2-1: Ball
3-1: Called Strike
3-2: Strikes out swinging
Bottom of the 2nd over - 0 runs, 0 hits, 0 errors, 0 left on base; Toronto 0 - Baltimore 2
TOP OF THE 3RD
Toronto Blue Jays batting - Pitching for Baltimore Orioles : RHP Tim Weller
Batting: RHB Danny Burnside 0-0: Ball
1-0: Foul Ball, location: 2F
1-1: Fly out, F2 (Popup, 3SF, EV 75.6 MPH)
Batting: RHB Brock Van Gilder 0-0: Called Strike
0-1: Ball
1-1: Ball
2-1: SINGLE (Groundball, 56D, EV 100.0 MPH)
Batting: RHB Donny Burnside 0-0: Ball
1-0: Foul Ball, location: 2F
1-1: Fielders Choice at 2nd, 6-4 (Groundball, 6MS, EV 83.1 MPH)
Batting: RHB C.J. Richerson 0-0: Called Strike
Donny Burnside steals 2nd base (no throw)
0-1: Ball
1-1: SINGLE (Flyball, 34D, EV 83.1 MPH)
Donny Burnside to third
Runner from 3rd tries for Home, SAFE, throw by RF to home
Batting: LHB Willis Robles 0-0: Called Strike
0-1: Ball
C.J. Richerson steals 2nd base
1-1: SINGLE (Line Drive, 7LS, EV 94.4 MPH)
C.J. Richerson to third
Runner from 3rd tries for Home, throw by LF and OUT! 7-2
Top of the 3rd over - 1 run, 3 hits, 0 errors, 1 left on base; Toronto 1 - Baltimore 2
BOTTOM OF THE 3RD
Baltimore Orioles batting - Pitching for Toronto Blue Jays : RHP Tony Rios
Batting: RHB Luis Ramos 0-0: Ball
1-0: Swinging Strike
1-1: Swinging Strike
1-2: Strikes out swinging
Batting: RHB Saimei Kudo 0-0: Ball
1-0: Foul Ball, location: 2F
1-1: Swinging Strike
1-2: Strikes out swinging
Batting: RHB Nick Rigden 0-0: Foul Ball, location: 2F
0-1: Ball
1-1: Swinging Strike
1-2: Strikes out swinging
Bottom of the 3rd over - 0 runs, 0 hits, 0 errors, 0 left on base; Toronto 1 - Baltimore 2
TOP OF THE 4TH
Toronto Blue Jays batting - Pitching for Baltimore Orioles : RHP Tim Weller
Batting: SHB Jason Woods 0-0: Foul Ball, location: 2F
0-1: Ball
1-1: Ball
2-1: Ball
3-1: Called Strike
3-2: Foul Ball, location: 2F
3-2: Foul Ball, location: 2F
3-2: Base on Balls
Batting: SHB Dominik Hasek II 0-0: Ball
1-0: Ball
2-0: Fielders Choice at 2nd, 2-4 (Groundball, 2L, EV 63.8 MPH)
Batting: RHB Butch Kaiser 0-0: Called Strike
Dominik Hasek II steals 2nd, throwing error, E2
Dominik Hasek II to third
0-1: Called Strike
0-2: Fly out, F8 (Flyball, 8RM, EV 93.1 MPH)
Runner from 3rd tags up, SCORES, throw by CF
Batting: LHB Nate Dean 0-0: Ball
1-0: Ball
2-0: Ball
3-0: Called Strike
3-1: Called Strike
3-2: Base on Balls
Batting: RHB Danny Burnside 0-0: Ball
Nate Dean steals 2nd base (no throw)
1-0: Called Strike
1-1: Fly out, F8 (Flyball, 8RM, EV 89.4 MPH)
Top of the 4th over - 1 run, 0 hits, 1 error, 1 left on base; Toronto 2 - Baltimore 2
BOTTOM OF THE 4TH
Baltimore Orioles batting - Pitching for Toronto Blue Jays : RHP Tony Rios
Batting: RHB Rudo Garciaparra 0-0: Ball
1-0: Called Strike
1-1: Swinging Strike
1-2: Strikes out looking
Batting: RHB Vince Jackson 0-0: Ball
1-0: Ground out 4-3 (Groundball, 4M, EV 85.0 MPH)
Batting: SHB Robbie Rogers 0-0: Fly out, F7 (Line Drive, 7S, EV 90.6 MPH)
Bottom of the 4th over - 0 runs, 0 hits, 0 errors, 0 left on base; Toronto 2 - Baltimore 2
TOP OF THE 5TH
Toronto Blue Jays batting - Pitching for Baltimore Orioles : RHP Tim Weller
Batting: RHB Brock Van Gilder 0-0: Called Strike
0-1: Swinging Strike
0-2: Ball
1-2: Strikes out swinging
Batting: RHB Donny Burnside 0-0: Ball
1-0: Ball
2-0: Called Strike
2-1: Swinging Strike
2-2: Ground out 5-3 (Groundball, 5, EV 86.2 MPH)
Batting: RHB C.J. Richerson 0-0: Called Strike
0-1: Swinging Strike
0-2: Ball
1-2: Ball
2-2: Ground out 6-3 (Groundball, 6, EV 101.9 MPH)
Top of the 5th over - 0 runs, 0 hits, 0 errors, 0 left on base; Toronto 2 - Baltimore 2
BOTTOM OF THE 5TH
Baltimore Orioles batting - Pitching for Toronto Blue Jays : RHP Tony Rios
Batting: RHB Raul Mendoza 0-0: Called Strike
0-1: Ball
1-1: Ball
2-1: Foul Ball, location: 2F
2-2: DOUBLE (Flyball, 89XD, EV 114.4 MPH)
Batting: RHB Danny Merrill 0-0: Fly out, F5 (Popup, 5SF, EV 81.2 MPH)
Batting: RHB Steve Jones 0-0: Fly out, F4 (Popup, 4, EV 71.9 MPH)
Batting: RHB Luis Ramos 0-0: Ground out 4-3 (Groundball, 34, EV 104.4 MPH)
Bottom of the 5th over - 0 runs, 1 hit, 0 errors, 1 left on base; Toronto 2 - Baltimore 2
TOP OF THE 6TH
Toronto Blue Jays batting - Pitching for Baltimore Orioles : RHP Tim Weller
Batting: LHB Willis Robles 0-0: Ball
1-0: Ball
2-0: SINGLE (Line Drive, 34D, EV 103.8 MPH)
Batting: SHB Jason Woods 0-0: Called Strike
0-1: Ball
1-1: Swinging Strike
1-2: SINGLE (Line Drive, 34D, EV 100.6 MPH)
Willis Robles to second
Batting: SHB Dominik Hasek II 0-0: Called Strike
0-1: SINGLE (Groundball, 6MD, EV 104.4 MPH)
Willis Robles to third
Jason Woods to second
Batting: RHB Butch Kaiser 0-0: Ball
1-0: Ball
2-0: Swinging Strike
2-1: Swinging Strike
2-2: Strikes out swinging
Batting: LHB Nate Dean 0-0: Ball
1-0: Called Strike
1-1: SINGLE (Flyball, 7LS, EV 95.6 MPH)
Willis Robles scores
Jason Woods to third
Dominik Hasek II to second
Runner from 3rd tries for Home, SAFE, throw by LF to home
Pitching: RHP Craig Potter
Batting: RHB Danny Burnside 0-0: Ball
1-0: Ball
2-0: Ball
3-0: Base on Balls
Dominik Hasek II to third
Nate Dean to second
Batting: RHB Brock Van Gilder 0-0: Foul Ball, location: 2F
0-1: DOUBLE (Flyball, 5D, EV 101.9 MPH)
Dominik Hasek II scores
Nate Dean scores
Danny Burnside to third
Batting: RHB Donny Burnside 0-0: Ball
1-0: Ground out 6-3 (Groundball, 6S, EV 73.1 MPH)
Danny Burnside scores
Brock Van Gilder to third
Batting: RHB C.J. Richerson 0-0: Ball
1-0: Called Strike
1-1: Foul Ball, location: 2F
1-2: 2-RUN HOME RUN (Flyball, 9D, EV 95.6 MPH), Distance : 371 ft
Batting: LHB Willis Robles 0-0: Ball
1-0: Ground out 6-3 (Groundball, 4M, EV 81.2 MPH)
Top of the 6th over - 7 runs, 6 hits, 0 errors, 0 left on base; Toronto 9 - Baltimore 2
BOTTOM OF THE 6TH
Baltimore Orioles batting - Pitching for Toronto Blue Jays : RHP Tony Rios
Batting: RHB Saimei Kudo 0-0: Called Strike
0-1: Ball
1-1: Ball
2-1: Foul Ball, location: 2F
2-2: Ball
3-2: SINGLE (Flyball, 34D, EV 83.8 MPH)
Batting: RHB Nick Rigden 0-0: Ball
1-0: Swinging Strike
1-1: Called Strike
1-2: Ball
2-2: Strikes out swinging
Batting: RHB Rudo Garciaparra 0-0: Ball
1-0: Foul Ball, location: 2F
1-1: Foul Ball, location: 2F
1-2: Strikes out swinging
Batting: RHB Vince Jackson 0-0: Called Strike
0-1: Ball
1-1: SINGLE (Groundball, 6D, EV 102.5 MPH)
Saimei Kudo to second
Batting: SHB Robbie Rogers 0-0: Ball
1-0: Ball
2-0: Fly out, F9 (Line Drive, 9LD, EV 99.4 MPH)
Bottom of the 6th over - 0 runs, 2 hits, 0 errors, 2 left on base; Toronto 9 - Baltimore 2
TOP OF THE 7TH
Toronto Blue Jays batting - Pitching for Baltimore Orioles : RHP Craig Potter
Batting: SHB Jason Woods 0-0: Called Strike
0-1: Fly out, F8 (Flyball, 8RM, EV 90.0 MPH)
Batting: SHB Dominik Hasek II 0-0: Foul Ball, location: 2F
0-1: Ball
1-1: Foul Ball, location: 2F
1-2: Strikes out swinging
Batting: RHB Butch Kaiser 0-0: Ball
1-0: Called Strike
1-1: Ball
2-1: Ball
3-1: Called Strike
3-2: Strikes out swinging
Top of the 7th over - 0 runs, 0 hits, 0 errors, 0 left on base; Toronto 9 - Baltimore 2
BOTTOM OF THE 7TH
Baltimore Orioles batting - Pitching for Toronto Blue Jays : RHP Tony Rios
Batting: RHB Raul Mendoza 0-0: Ball
1-0: Ball
2-0: Foul Ball, location: 2F
2-1: Foul Ball, location: 2F
2-2: Strikes out swinging
Batting: RHB Danny Merrill 0-0: Ball
1-0: Swinging Strike
1-1: Ball
2-1: Foul Ball, location: 2F
2-2: Foul Ball, location: 2F
2-2: Strikes out swinging
Batting: RHB Steve Jones 0-0: Swinging Strike
0-1: Foul Ball, location: 2F
0-2: Ball
1-2: Strikes out swinging
Bottom of the 7th over - 0 runs, 0 hits, 0 errors, 0 left on base; Toronto 9 - Baltimore 2
TOP OF THE 8TH
Toronto Blue Jays batting - Pitching for Baltimore Orioles : RHP Craig Potter
Pitching: RHP Ryuhei Shimabukuro
Batting: LHB Nate Dean 0-0: Called Strike
0-1: Ball
1-1: SINGLE (Flyball, 56D, EV 95.6 MPH)
Batting: RHB Danny Burnside 0-0: Fly out, F7 (Flyball, 7, EV 83.8 MPH)
Batting: RHB Brock Van Gilder 0-0: Ball
Nate Dean is caught stealing 2nd base 2-4
1-0: Ground out 5-3 (Groundball, 56, EV 104.4 MPH)
Top of the 8th over - 0 runs, 1 hit, 0 errors, 0 left on base; Toronto 9 - Baltimore 2
BOTTOM OF THE 8TH
Baltimore Orioles batting - Pitching for Toronto Blue Jays : RHP Tony Rios
Pitching: RHP John Brice
Batting: RHB Luis Ramos 0-0: Ball
1-0: Ball
2-0: Ball
3-0: Called Strike
3-1: Foul Ball, location: 2F
3-2: Foul Ball, location: 2F
3-2: Ground out 5-3 (Groundball, 56, EV 79.4 MPH)
Batting: RHB Saimei Kudo 0-0: Foul Ball, location: 2F
0-1: Called Strike
0-2: Foul Ball, location: 2F
0-2: Ground out 3-1 (Groundball, 13, EV 81.9 MPH)
Batting: RHB Nick Rigden 0-0: Swinging Strike
0-1: Ground out 3-1 (Groundball, 13, EV 85.6 MPH)
Bottom of the 8th over - 0 runs, 0 hits, 0 errors, 0 left on base; Toronto 9 - Baltimore 2
TOP OF THE 9TH
Toronto Blue Jays batting - Pitching for Baltimore Orioles : RHP Ryuhei Shimabukuro
Batting: RHB Donny Burnside 0-0: Ball
1-0: Called Strike
1-1: Ground out 5-3 (Groundball, 56, EV 90.0 MPH)
Batting: RHB C.J. Richerson 0-0: Fly out, F8 (Flyball, 89S, EV 83.8 MPH)
Batting: LHB Willis Robles 0-0: Ball
1-0: Ball
2-0: Ground out U3 (Groundball, 3L, EV 103.1 MPH)
Top of the 9th over - 0 runs, 0 hits, 0 errors, 0 left on base; Toronto 9 - Baltimore 2
BOTTOM OF THE 9TH
Baltimore Orioles batting - Pitching for Toronto Blue Jays : RHP John Brice
Batting: RHB Rudo Garciaparra 0-0: Called Strike
0-1: Ball
1-1: Foul Ball, location: 2F
1-2: Ball
2-2: Ball
3-2: Base on Balls
Batting: RHB Vince Jackson 0-0: Called Strike
0-1: Swinging Strike
0-2: Strikes out looking
Batting: SHB Robbie Rogers 0-0: Called Strike
0-1: SINGLE (Line Drive, 7LS, EV 95.6 MPH)
Rudo Garciaparra to second
Batting: RHB Raul Mendoza 0-0: Ball
1-0: Called Strike
1-1: Ball
2-1: Foul Ball, location: 2F
2-2: Strikes out swinging
Pinch Hitting: SHB Jason Hayes 0-0: Swinging Strike
0-1: Foul Ball, location: 2F
0-2: Ground out U3 (Groundball, 3, EV 84.4 MPH)
Bottom of the 9th over - 0 runs, 1 hit, 0 errors, 2 left on base; Toronto 9 - Baltimore 2
Sunday, July 16th , 2023 - OOTP Baseball 24.6 Build 69